[Event "Championnat du monde jeunes U10"]
[Date "2024.11.15"]
[White "Mutyalapati, Modith Aaroh"]
[Black "Vedrickas, Vytis"]
[WhiteElo "1893"]
[BlackElo "1642"]
[Round "1.27"]
[Result "1-0"]
[TimeControl "5400+30"]

1. e4 c5 2. Nf3 g6 3. d4 cxd4 4. Qxd4 Nf6 5. Nc3 Nc6 6. Qa4 d6 7. e5 dxe5 8. Nxe5 Qd4 9. Nxc6 Qxa4 10. Nxa4 bxc6 11. Be3 Bg7 12. Bd4 O-O 13. Bc4 Bf5 14. O-O-O Rfe8 15. Rhe1 Rad8 16. f3 Bh6+ 17. Kb1 e5 18. Bc3 Bg7 19. Rxd8 Rxd8 20. g4 Bc8 21. Bxe5 Bb7 22. Nc5 Ba8 23. a3 Nd5 24. Bxg7 Kxg7 25. Bxd5 cxd5 26. Re7 d4 27. Rxa7 Bd5 28. f4 h6 29. b4 Rc8 30. Rd7 Bf3 31. g5 h5 32. Ne6+ Kg8 33. Rd8+ Rxd8 34. Nxd8 Kf8 35. b5 Ke7 36. Nc6+ Kd6 37. Nxd4 Be4 38. a4 Kd5 39. Nc6 Kc5 40. Ne5 Kb4 41. Nxf7 Kxa4 42. b6 Ka5 43. Nd6 Bd5 44. b7 1-0

[Variant "Standard"]
[Site "Europe Echecs"]

[Event "Championnat du monde jeunes U10"]
[Date "2024.11.15"]
[White "Qian, Qipeng"]
[Black "Nguyen Quang Anh"]
[WhiteElo "1641"]
[BlackElo "1889"]
[Round "1.28"]
[Result "0-1"]
[TimeControl "5400+30"]

1. d4 c5 2. d5 e6 3. c4 Nf6 4. Nc3 exd5 5. cxd5 d6 6. e4 g6 7. f4 Bg7 8. Bb5+ Nfd7 9.
a4 O-O 10. Nf3 Na6 11. O-O Nc7 12. Bd3 Rb8 13. Re1 Re8 14. Nb5 Nxb5 15. axb5 Qb6 16. Kh1 Nf6 17. h3 c4 18. Bxc4 Nxe4 19. Be3 Ng3+ 20. Kh2 Rxe3 21. Rxe3 Qxe3 22. Kxg3 g5 23.
Qd2 gxf4+ 24. Kh2 Bf5 25. Qa5 Qf2 26.
Qxa7 Qg3+ 27. Kh1 Rc8 28. Be2 Re8 29. Bf1 Bxh3 30. Qxb7 Re2 31. Nh4 Bxg2+ 32. Nxg2 Qh3+ 33. Kg1 Bd4+ 34. Ne3 Bxe3# 0-1

[Variant "Standard"]
[Site "Europe Echecs"]

[Event "Championnat du monde jeunes U10"]
[Date "2024.11.15"]
[White "Meitzner, Jonathan Franz"]
[Black "Otetileu, Amanbek"]
[WhiteElo "1876"]
[BlackElo "1632"]
[Round "1.29"]
[Result "1/2-1/2"]
[TimeControl "5400+30"]

1. e4 c5 2. Nf3 d6 3. d4 cxd4 4. Nxd4 Nf6 5. f3 Nc6 6. c4 g6 7. Nc3 Bg7 8. Nc2 O-O 9. Be3 Be6 10. Be2 Nd7 11. O-O Nb6 12. Na3 Na5 13. c5 Nbc4 14. Nxc4 Nxc4 15. Bxc4 Bxc4 16. Re1 dxc5 17. Qxd8 Rfxd8 18. Bxc5 Rd2 19.
Rab1 e6 20. Red1 Rad8 21. Rxd2 Rxd2 22.
Be3 Rc2 23. Bxa7 b5 24. a3 Bxc3 25. bxc3 1/2-1/2

[Variant "Standard"]
[Site "Europe Echecs"]

[Event "Championnat du monde jeunes U10"]
[Date "2024.11.15"]
[White "Hochman, Gur"]
[Black "Mrozowski, Nikodem"]
[WhiteElo "1626"]
[BlackElo "1874"]
[Round "1.30"]
[Result "0-1"]
[TimeControl "5400+30"]

1. e4 c5 2. Nc3 Nc6 3. f4 g6 4. Nf3 Bg7 5. Bb5 Nd4 6. Bd3 e6 7. Nxd4 cxd4 8. Ne2 Ne7 9. O-O O-O 10. c3 dxc3 11. bxc3 b6 12. Bc2 Ba6 13. d4 Rc8 14. Bd2 d5 15. e5 Qd7 16. Rf2 Rc7 17. g4 Rfc8 18. Ng3 Nc6 19. f5 Nxd4 20. cxd4 Rxc2 21. f6 Bf8 22. Be3 R2c3 23. Qd2 Rd3 24. Qe1 Qa4 25. Rc1 Rxc1 0-1

[Variant "Standard"]
[Site "Europe Echecs"]

[Event "Championnat du monde jeunes U10"]
[Date "2024.11.15"]
[White "Zabelin, Platon"]
[Black "Radovic, Koca"]
[WhiteElo "1870"]
[BlackElo "1626"]
[Round "1.31"]
[Result "1-0"]
[TimeControl "5400+30"]

1. d4 Nf6 2. Bg5 Ne4 3. Bf4 d5 4. e3 Nc6 5. Bd3 Nf6 6. Nf3 a6 7. h3 Nb4 8. O-O e6 9. Be2 Be7 10. Nbd2 O-O 11. a3 Nc6 12. c4 dxc4 13. Nxc4 b5 14. Nce5 Nxe5 15. Nxe5 Bb7 16. Rc1 Nd5 17. Bh2 Bg5 18. Nc6 Bxc6 19. Rxc6 Qd7 20. Rc5 Rac8 21. e4 Nf4 22. Rxg5 1-0

[Variant "Standard"]
[Site "Europe Echecs"]

[Event "Championnat du monde jeunes U10"]
[Date "2024.11.15"]
[White "Ismailov, Omarbek"]
[Black "Gusev, Daniil Den"]
[WhiteElo "1625"]
[BlackElo "1863"]
[Round "1.32"]
[Result "1-0"]
[TimeControl "5400+30"]

1. d4 Nf6 2. Bf4 g6 3. e3 d6 4. Nf3 Nh5 5. Bg5 h6 6. Bh4 g5 7. Nfd2 Ng7 8. Bg3 Nf5 9. Bd3 e6 10. c4 Bg7 11. Nc3 Nxg3 12. hxg3 Qe7 13. Qc2 c5 14. d5 O-O 15. O-O-O Na6 16. a3 Nc7 17. dxe6 Bxe6 18. f4 Rfd8 19. Nf3 a6 20. fxg5 b5 21. gxh6 Bh8 22. Rh5 Kf8 23. Rg5 bxc4 24. Bh7 f6 25. Rh5 Bf7 26. Bg6 d5 27. Bxf7 Qxf7 28. Rf5 Rd7 29. Ne5 fxe5 30. Rxf7+ Kxf7 31. Rf1+ Ke7 32. Qh7+ Kd6 33. Qg6+ Ne6 34. Nxd5 Kxd5 35. Rd1+ Nd4 36. e4# 1-0

[Variant "Standard"]
[Site "Europe Echecs"]

[Event "Championnat du monde jeunes U10"]
[Date "2024.11.15"]
[White "Wang, Rocky"]
[Black "Kalinichenko, German Yu"]
[WhiteElo "1853"]
[BlackElo "1621"]
[Round "1.33"]
[Result "1-0"]
[TimeControl "5400+30"]

1. e4 e5 2. Nf3 Nc6 3. Bb5 a6 4. Ba4 Nf6 5. O-O Be7 6. Re1 b5 7. Bb3 O-O 8. c3 d5 9. exd5 Nxd5 10. Nxe5 Nxe5 11. Rxe5 c6 12. d3 Bd6 13. Re1 Qh4 14. g3 Qh3 15. Re4 g5 16. Bxg5 Bd7 17. Nd2 Rfe8 18. Qf3 Rxe4 19. dxe4 Bg4 20. Qd3 Nf4 21. Bxf4 Bxf4 22. f3 Bxd2 23. Qxd2 Bxf3 24. Rf1 Bh5 25. Qg5+ Kf8 26. Qh6+ Ke8 27. Rxf7 1-0

[Variant "Standard"]
[Site "Europe Echecs"]

[Event "Championnat du monde jeunes U10"]
[Date "2024.11.15"]
[White "Vydra, David"]
[Black "Melkonyan, Davit"]
[WhiteElo "1615"]
[BlackElo "1842"]
[Round "1.34"]
[Result "0-1"]
[TimeControl "5400+30"]

1. e4 e5 2. Nf3 Nc6 3. Bb5 a6 4. Ba4 Nf6 5. O-O b5 6. Bb3 Bc5 7. a4 Bb7 8. c3 d6 9. d4 Bb6 10. Be3 Nxe4 11. d5 Ne7 12. axb5 axb5 13. Rxa8 Qxa8 14. Qd3 Nxd5 15.
Bxd5 Bxd5 16. Qxb5+ Bc6 17. Qd3 Qb7 18. Rd1 O-O 19. b4 Nxf2 20. Bxf2 e4 21. Qc4 exf3 22. b5 Bxb5 23. Qf4 Bxf2+ 24. Kxf2 Be2 25. Re1 Qb6+ 26. Kg3 fxg2 27. Kxg2 Qc6+ 28. Kf2 Bd3 29. Qd2 Qb6+ 30. Kg2 Bxb1 0-1

[Variant "Standard"]
[Site "Europe Echecs"]

[Event "Championnat du monde jeunes U10"]
[Date "2024.11.15"]
[White "Chkhartishvili, Lazare"]
[Black "Bulat, Mansur"]
[WhiteElo "1836"]
[BlackElo "1610"]
[Round "1.35"]
[Result "1/2-1/2"]
[TimeControl "5400+30"]

1. e4 c5 2. Nf3 d6 3.
Bb5+ Bd7 4. Bxd7+ Qxd7 5. c4 Nc6 6. Nc3 e6 7. O-O Be7 8. d4 cxd4 9. Nxd4 Nxd4 10. Qxd4 Nf6 11. Rd1 O-O 12. e5 Ne8 13. Bf4 Rc8
14. Nb5 b6 15. Qd3 h6 16. Rac1 a6 17. Nc3 Rd8 18. exd6 Bxd6 19. Bxd6 Qxd6 20. Qe3 Qc7 21. Rxd8 Qxd8 22. Ne4 Qc7 23. Qd4 Qf4 24. Rd1 e5 25. Qd5 Nc7 26. Qb7 Ne6 27. Nd6 Nd4 28. Qxb6 Qg4 29. Rf1 Ne2+ 30. Kh1 Nf4 31. Qb7 Qe2 32. Kg1 Qd3 33. c5 Ne2+ 34. Kh1 Ng3+ 35. hxg3 Qxf1+ 36. Kh2 Qxf2 37. c6 Qf6 38. c7 Qxd6 39. c8=Q Rxc8 40. Qxc8+ Kh7 41. Qf5+ g6 42. Qxf7+ Kh8 43. Kh3 e4 44. Qe8+ Kg7 45. Qxe4 h5 46. Qf4 Qe6+ 47. Kh4 Qxa2 48. Qe5+ Kh7 49. Qe7+ Kh6 50. Qf8+ Kh7 51. Qe7+ Kh6 52. Qf8+ Kh7 53. Qe7+ Kh6 1/2-1/2

[Variant "Standard"]
[Site "Europe Echecs"]

[Event "Championnat du monde jeunes U10"]
[Date "2024.11.15"]
[White "Czech, Emil"]
[Black "Nguyen Truong An Khang"]
[WhiteElo "1608"]
[BlackElo "1836"]
[Round "1.36"]
[Result "0-1"]
[TimeControl "5400+30"]

1. e4 c6 2. d4 d5 3.
exd5 cxd5 4. Bd3 Nc6 5.
c3 Nf6 6. h3 e5 7. dxe5 Nxe5 8. Nf3 Nxd3+ 9. Qxd3 Bd6 10. O-O O-O 11. Nd4 Re8 12. Nd2 Bd7 13. N2f3 Ne4 14. Re1 a6 15. Be3 Qf6 16. Ne2 Rad8 17. h4 Bg4 18. Bg5 Nxg5 19. hxg5 Qg6 20. Qxg6 hxg6 21. Ned4 Kf8 22. Kf1 Bf4 23. g3 Bd6 24. Kg2 f6 25. Rh1 Kg8 26. Rae1 Rxe1 27. Rxe1 Kf7 28. Rh1 Bf8 29. gxf6 gxf6 30. Rh4 Bd7 31. a4 Kg7 32. a5 Bd6 33. Nb3 Re8 34. Rd4 Be6 35. Nbd2 Bc5 36. Rd3 g5 37. Nd4 Bf7 38. N2b3 Ba7 39. Nf5+ Kf8 40. Nd6 Re2 41. Rd2 Rxd2 42. Nxd2 b5 43. b4 d4 44. c4 bxc4 45. N6xc4 Bd5+ 46. Kf1 Ke7 47. Ke2 d3+ 48. Ke1 Bd4 49. Ne3 Ke6 50. Nxd5 Kxd5 51. f4 g4 52. Kd1 f5 53. Nb3 Bc3 54. b5 axb5 55. a6 Kc6 56. a7 Kb7 57. Nc5+ Kxa7 58. Nxd3 Kb6 59. Kc2 Bd4 60. Kd2 Kc6 61. Ke2 Kd5 62. Nb4+ Kc4 63. Nc6 b4 64. Nxb4 Kxb4 65. Kf1 Kc3 66. Ke2 Kc2 67. Kf1 Kd2 68. Kg2 Ke2 69. Kh2 Kf2 70. Kh1 Be3 71. Kh2 Bxf4 0-1

[Variant "Standard"]
[Site "Europe Echecs"]

[Event "Championnat du monde jeunes U10"]
[Date "2024.11.15"]
[White "Akramov, Khasan"]
[Black "Hung, I-Hsuan"]
[WhiteElo "1835"]
[BlackElo "1608"]
[Round "1.37"]
[Result "1-0"]
[TimeControl "5400+30"]

1. c4 Nf6 2. g3 e5 3. Bg2 Nc6 4. Nc3 Bc5 5. a3 a5 6. e3 O-O 7. Nge2 d6 8. O-O Be6 9. d4 exd4 10. exd4 Bxa3 11. d5 Bc5 12. dxe6 fxe6 13. Nf4 Re8 14. Re1 e5 15. Nfd5 Rf8 16. Rf1 Qd7 17. Nxf6+ Rxf6 18. Ne4 Qf7 19. Nxc5
dxc5 20. Bd5 Re6 21.
Bxe6 Qxe6 22. Qd5 Qxd5 23. cxd5 Nd4 24.
Be3 b6 25. Bxd4 exd4 26. Rfe1 Rd8 27.
Re7 Rxd5 28. Rxc7 d3 29. Kf1 Rd4 30. Ke1 Re4+ 31. Kd2 Re2+ 32. Kxd3 Rxb2 33. Re1 Kf8 34. Re2 Rb4 35. Ree7 Rd4+ 36. Kc3 b5 37. Rf7+ Ke8 38. Rxg7 Kf8 39. Rxh7 Kg8 40. Rxc5 Ra4 41. Ra7 Rc4+ 42. Rxc4 bxc4 43. Kxc4 a4 44. Rxa4 Kg7 45. Ra6 Kf7 46. h4 Kg7 47. g4 Kf7 48. g5 Kg7 49. h5 Kg8 50. Ra7 Kh8 51. h6 Kg8 52. g6 Kf8 53. h7 Ke8 54. h8=B Kf8 55. Ra8+ Ke7 56. g7 Kf7 57. g8=B+ Ke7 58. Be5 Kd7 59. Bd5 Ke7 60. Ra7+
1-0

[Variant "Standard"]
[Site "Europe Echecs"]

[Event "Championnat du monde jeunes U10"]
[Date "2024.11.15"]
[White "Munoz Padilla, Andres"]
[Black "Garcia Tanjala, Marko"]
[WhiteElo "1604"]
[BlackElo "1833"]
[Round "1.38"]
[Result "0-1"]
[TimeControl "5400+30"]

1. e4 e5 2. Nf3 Nc6 3. d4 exd4 4. Nxd4 Nf6 5. Nxc6 bxc6 6. Qe2 Qe7 7. Nc3 d5 8. exd5 cxd5 9. Be3 c6 10. O-O-O Qe6 11. Re1 Bb4 12. Qd3 O-O 13. Rg1 Qf5 14. g4 Qxd3 15. Bxd3 Nxg4 16. a3 Bxc3 17. bxc3 Nxe3 18. Rxe3 Be6 19. f4 Rae8 20. f5 Bd7 21. Reg3 g6 22. fxg6 fxg6 23. Bxg6 hxg6 24. Rxg6+ Kf7 25.
Rg7+ Ke6 26. R1g6+ Kf5 27. Rg5+ Kf4 28. h4 Bf5 29. h5 Re2 30. Kd1 Rfe8 31.
Rg1 Bxc2+ 32. Kc1 Be4 33. Rf1+ Ke5 34.
Kd1 Rh2 35. Rg5+ Kd6 36. Rf6+ Kc5 37.
Rf7 Bc2+ 38. Kc1 Re1+ 39. Kb2 Ba4+ 0-1

[Variant "Standard"]
[Site "Europe Echecs"]

[Event "Championnat du monde jeunes U10"]
[Date "2024.11.15"]
[White "Guirado Lara, Pablo"]
[Black "Yrysov, Timur"]
[WhiteElo "1832"]
[BlackElo "1604"]
[Round "1.39"]
[Result "0-1"]
[TimeControl "5400+30"]

1. d4 Nf6 2. Nf3 e6 3. e3 d5 4. Bd3 Be7 5. Nbd2 O-O 6. O-O b6 7. c3 Bb7 8. Qe2 Nbd7 9. a4 Rc8 10. Ne5 Nxe5 11. dxe5 Nd7 12. f4 f6 13. Qh5 f5 14. g4 Qe8 15. Qxe8 Rcxe8 16. gxf5 exf5 17. a5 Bc5 18. Nf3 bxa5 19. Rxa5 Bb6 20. Ra2 Re6 21. Nh4 Nc5 22. Bc2 Ba6 23. b4 Bxf1 24. bxc5 Bc4 25. cxb6 Bxa2 26. bxc7 g6 27. Ba3 Rc6 28. Bxf8 Kxf8 29. Nf3 Rxc7 30. Nd4 Rxc3 31. Kf2 a5 32. Ke2 Bc4+ 33. Kd2 Ra3 34. Ne6+ Ke7 35. Nc5 Ra1 36. Bd1 a4 37. Nxa4 Ra2+ 38. Ke1 Rxh2 39. Bf3 h5 40. Nc3 h4 41. Nxd5+ Bxd5 42. Bxd5 h3 43. Kf1 Rd2 44. Bf3 h2 45. Bh1 Rb2 46. e4 fxe4 47. Bxe4 Rb1+ 0-1

[Variant "Standard"]
[Site "Europe Echecs"]

[Event "Championnat du monde jeunes U10"]
[Date "2024.11.15"]
[White "Gim, Hajin"]
[Black "Perez Solanas, Hugo"]
[WhiteElo "1603"]
[BlackElo "1824"]
[Round "1.40"]
[Result "0-1"]
[TimeControl "5400+30"]

1. e4 c5 2. Nc3 g6 3. f4 Bg7 4. Nf3 Nc6 5. Bb5 Nd4 6. d3 Nxb5 7. Nxb5 d5 8. O-O a6 9. Nc3 d4 10. Ne2 Nf6 11. Qe1 O-O 12. Qh4 e6 13. f5 exf5 14. Bg5 h6 15. Bxh6 Bxh6 16. Qxh6 Ng4 17. Qf4 Ne3 18. Qh6 Qf6 19. Ng5 Qh8 20. Qxh8+ Kxh8 21. Rf4 f6 22. Rh4+ Kg7 23. Nf3 g5 24. Rh3 fxe4 25. dxe4 Bxh3 26. gxh3 Nxc2 27.
Rc1 d3 28. Nc3 Rad8 29. Nd5 Rfe8 30.
Nd2 b5 31. Nc7 Re5 32. Nd5 f5 33. Nc3 b4 34. Nd1 fxe4 35. Nc4 e3 36. Nxe5 e2 37. Nxd3 Rxd3 38. Nf2 Re3 39. Ng4 e1=Q+ 40. Rxe1 Rxe1+ 41. Kf2 Ra1 0-1

[Variant "Standard"]
[Site "Europe Echecs"]

[Event "Championnat du monde jeunes U10"]
[Date "2024.11.15"]
[White "Mulay, Vivan Prakash"]
[Black "Novac, Daniil"]
[WhiteElo "1823"]
[BlackElo "1594"]
[Round "1.41"]
[Result "1-0"]
[TimeControl "5400+30"]

1. e4 Nf6 2. e5 Nd5 3. d4 d6 4. c4 Nb6 5. Nf3 Bg4 6. Be2 Nc6 7. exd6 cxd6 8. O-O Rc8 9. b3 g6 10. Bb2 Bg7 11. h3 Bxf3 12. Bxf3 O-O 13. Qd3 e6 14. Nd2 d5 15. Rad1 Re8 16. a3 Re7 17. c5 Nd7 18. b4 a6 19. Nb3 Nf6 20. Rfe1 h5 21. Bc3 Nh7 22. h4 Re8 23. g3 Qf6 24. a4 Na7 25. Bg2 g5 26. hxg5 Nxg5 27. b5 axb5 28. axb5 Qg6 29. Qxg6 fxg6 30. b6 Nb5 31. Bb2 Ra8 32. Ra1 Kf7 33. f4 Nh7 34. Bf1 Nxd4 35. Bxd4 Rxa1 36. Rxa1 e5 37. Bxe5 Bxe5 38. fxe5 Rxe5 39. Ra7 1-0

[Variant "Standard"]
[Site "Europe Echecs"]

[Event "Championnat du monde jeunes U10"]
[Date "2024.11.15"]
[White "Tamiolakis, Grigorios"]
[Black "Buklaho, Ignacy"]
[WhiteElo "1591"]
[BlackElo "1822"]
[Round "1.42"]
[Result "0-1"]
[TimeControl "5400+30"]

1. d4 d5 2. c4 e6 3. Nc3 Nf6 4. Nf3 Be7 5. Bg5 O-O 6. e3 Nbd7 7. Bd3 dxc4 8. Bxc4 a6 9. Bd3 b5 10. O-O Bb7 11. a3 h6 12. Bf4 c5 13. dxc5 Nxc5 14. Be2 Qb6 15. Qc2 Rac8 16. Rac1 Nce4 17. Qb3 Nxc3 18. Rxc3 Ne4 19. Rxc8 Rxc8 20. Rd1 Bd5 21. Qd3 Qb7 22. Bf1 Bf6 23. Rb1 Bc4 24. Qd1 Bxf1 25. Qxf1 g5 26. Be5 Bxe5 27. Nxe5 Nd2 28. Qd1 Nxb1 29. Qxb1 Qe4 0-1

[Variant "Standard"]
[Site "Europe Echecs"]

[Event "Championnat du monde jeunes U10"]
[Date "2024.11.15"]
[White "Dayal, Samar"]
[Black "Mitrovic, Vasilije"]
[WhiteElo "1818"]
[BlackElo "1590"]
[Round "1.43"]
[Result "1-0"]
[TimeControl "5400+30"]

1. e4 e5 2. Nf3 Nc6 3. Bb5 a6 4. Ba4 b5 5. Bb3 Bc5 6. O-O Nf6 7. c3 d6 8. d4 exd4 9. cxd4 Bb6 10. h3 h6 11. a3 O-O 12. Nc3 Re8 13. Re1 Bb7 14. Bf4 Qd7 15. Bc2 Rad8 16. Qd3 d5 17. Nxd5 Nxd5 18. exd5 Rxe1+ 19. Rxe1 Ne7 20. Qh7+ Kf8 21. Qh8+ Ng8 22. Bh7 Qe6 23. Rxe6 fxe6 24. Qxg8+ Ke7 25. Qxg7+ Ke8 26. Bg6# 1-0

[Variant "Standard"]
[Site "Europe Echecs"]

[Event "Championnat du monde jeunes U10"]
[Date "2024.11.15"]
[White "Aitmukhanov, Arsen"]
[Black "Nikitakis, Michail"]
[WhiteElo "1579"]
[BlackElo "1818"]
[Round "1.44"]
[Result "1-0"]
[TimeControl "5400+30"]

1. e4 e5 2. Nf3 Nc6 3. Bc4 Nf6 4. d3 Bc5 5. c3 d6 6. b4 Bb6 7. a4 a6 8. O-O O-O 9. Nbd2 h6 10. Re1 Be6 11. Bb3 Ne7 12. Nf1 Ng6 13. Bc2 c6 14. Be3 Bxe3 15. Rxe3 Nf4 16. d4 Qc7 17. Re1 g5 18. Ne3 Kh8 19. c4 Rad8 20. Nf5 Bxf5 21. exf5 Rfe8 22. dxe5 dxe5 23. Qb1 g4 24. Nh4 Rd2 25. Qb2 Red8 26. Rad1 R2d4 27. g3 Nh3+ 28. Kf1 c5 29. Qc1 Kg7 30. b5 axb5 31. cxb5 Qd6 32. Rxd4 cxd4 33. Bd3 Qd5 34. Ng2 Qf3 35. Qc2 e4 36. Bc4 d3 37. Qd2 Rc8 38. Bb3 Rc3 39. Bd1 Qxf5 40. Ne3 Qc5 41. Bxg4 Ng5 42. h4 Nxg4 43. Nxg4 Rc2 44. Qf4 Nh3 45. Qxh6+ 1-0

[Variant "Standard"]
[Site "Europe Echecs"]

[Event "Championnat du monde jeunes U10"]
[Date "2024.11.15"]
[White "Tulegen, Ramazan"]
[Black "Roth, Elai"]
[WhiteElo "1818"]
[BlackElo "1577"]
[Round "1.45"]
[Result "1-0"]
[TimeControl "5400+30"]

1. e4 c5 2. Nf3 e6 3. d4 cxd4 4. Nxd4 Nf6 5. Nc3 Nc6 6. Ndb5 Bb4 7. a3 Bxc3+ 8.
Nxc3 d5 9. exd5 exd5 10. Bd3 d4 11. Ne2 Bg4 12. O-O O-O 13. f3 Bh5 14. Bg5 Qd6
15. Qd2 Rad8 16. Rad1 Rfe8 17. Ng3 Bg6 18. Rfe1 h6 19. Bxg6 fxg6 20. Bxf6 Rxe1+
21. Rxe1 Qxf6 22. Ne4 Qf5 23. Qe2 Qd5 24. Nf2 Na5 25. Nd3 Qb5 26. Qe6+ Kh7 27.
Re5 Qc4 28. Qxc4 Nxc4 29. Re7 Rb8 30. Rd7 Ne3 31. Rxd4 Nxc2 32. Rd7 a5 33. Nc5
b5 34. Ne6 Rg8 35. Kf2 b4 36. Rc7 Na1 37. axb4 axb4 38. Nd4 Rd8 39. Ke3 Re8+ 40.
Kd3 Re1 41. Rb7 Rg1 42. g4 Rg2 43. Rxb4 Rxh2 44. Ra4 Rh1 45. Ra8 Rd1+ 46. Ke3
Re1+ 47. Kf2 Rb1 48. Kg3 g5 49. Ra4 Rg1+ 50. Kh2 Rb1 51. Rb4 Rd1 52. Nf5 Rd7 53.
Nd4 Ra7 54. Kg3 Rc7 55. Ne6 Re7 56. Re4 Rb7 57. Rc4 Rxb2 58. Rc7 Rb8 59. Nxg7
Kg6 60. Nf5 Rh8 61. Rc6+ Kf7 62. Nxh6+ Ke7 63. Rg6 Nb3 64. Nf5+ Kf7 65. Rxg5 Kf6
66. f4 Nd2 67. Nd6 Rd8 68. Rf5+ Kg6 69. Rg5+ Kf6 70. Rd5 Nc4 71. Ne4+ Ke7 72.
Rxd8 Kxd8 73. f5 Ke7 74. Kf4 Kf7 75. Ng5+ Kf6 76. Nf3 Nd6 77. g5+ Kf7 78. Ne5+
Kf8 79. f6 Ne8 80. Kf5 Nc7 81. g6 Nd5 82. Nd7+ 1-0

[Variant "Standard"]
[Site "Europe Echecs"]

[Event "Championnat du monde jeunes U10"]
[Date "2024.11.15"]
[White "Wang, Yuwei"]
[Black "Zhang, Oscar Y"]
[WhiteElo "1576"]
[BlackElo "1817"]
[Round "1.46"]
[Result "0-1"]
[TimeControl "5400+30"]

1. d4 d5 2. c4 c6 3. Nc3 dxc4 4. e3 b5 5. a4 b4 6. Na2 e6 7. Bxc4 Nf6 8. Bd2 a5 9. Nf3 Nbd7 10. O-O Be7 11. Nc1 O-O 12. Nd3 Bb7 13. Nf4 c5 14. Bxe6 fxe6 15. Nxe6 Qb6 16. Nxf8 Rxf8 17. dxc5 Nxc5 18. Nd4 Bd6 19. Qe2 Kh8 20. f4 Nfe4 21. Be1 Ba6 22. Nb5 Nxa4 23. Rxa4 Bxb5 24. Qc2 Qxe3+ 25.
Bf2 Nxf2 26. Qxf2 Qxf2+ 27. Rxf2 Bxa4 28.
Rf3 Rxf4 29. Rxf4 Bxf4 30. Kf2 Bc6 31. g3 Be5 32. Ke3 a4 33. Kd2 a3 34. bxa3 bxa3 35. Kc2 a2 36. h4 a1=Q 37. Kd3 Qd4+ 38. Ke2 Bb5+ 39. Kf3 Qd3+ 40. Kg4 Bd7+ 41. Kg5 Qg6#
0-1

[Variant "Standard"]
[Site "Europe Echecs"]

[Event "Championnat du monde jeunes U10"]
[Date "2024.11.15"]
[White "Mariani, Kim Paul"]
[Black "Pierloot, Siebe"]
[WhiteElo "1814"]
[BlackElo "1573"]
[Round "1.47"]
[Result "1-0"]
[TimeControl "5400+30"]

1. e4 e5 2. Nf3 Nc6 3. Bc4 Bc5 4. c3 Nf6 5. d4 exd4 6. cxd4 Bb4+ 7. Nc3 Nxe4 8. O-O Bxc3 9. d5 Ne7 10. bxc3 Nxc3 11. Qd4 b5 12. Qxg7 Rg8 13. Qxh7 bxc4 14. Re1 Rf8 15. Bh6 d6 16. Qg7 Kd7 17. Qxf8 Qxf8 18. Bxf8 Ncxd5 19. Rad1 Bb7 20. Bxe7 Nxe7 21. Ne5+ Ke8 22. Nxc4 d5 23. Ne3 Kd7 24. Ng4 Ng8 25. Ne5+ Ke6 26. Rb1 Ba6 27. Rbc1 Bb7 28. Rxc7 Kf6 29. Rxf7+ Kg5 30. f4+ Kh5 31. Rh7+ Nh6 32. g4+ Kh4 33. Rxh6# 1-0

[Variant "Standard"]
[Site "Europe Echecs"]

[Event "Championnat du monde jeunes U10"]
[Date "2024.11.15"]
[White "Rama, Federico"]
[Black "Jani, Aakash"]
[WhiteElo "1564"]
[BlackElo "1810"]
[Round "1.48"]
[Result "0-1"]
[TimeControl "5400+30"]

1. Nf3 Nf6 2. d4 g6 3. c4 Bg7 4. e3 O-O 5. Nc3 d6 6. Be2 Nbd7 7. O-O c6 8. Bd2 e5 9. Qc2 Qc7 10. Rfe1 Re8 11. Rad1 a6 12. Ng5 h6 13. Nge4 Nxe4 14. Nxe4 f5 15. Nc3 Nf6 16. b3 b6 17. Bc1 Bb7 18. Ba3 e4 19. Qd2 Rac8 20. d5 c5 21. b4 Nd7 22. Rb1 cxb4 23. Bxb4 Ne5 24. Rec1 Nxc4 25. Bxc4 Qxc4 26. Na4 Qxd5 27. Qxd5+ Bxd5 28. Rxc8 Rxc8 29. Nxb6 Bxa2 30.
Rd1 Rc6 31. Rxd6 Rc1+ 0-1

[Variant "Standard"]
[Site "Europe Echecs"]

[Event "Championnat du monde jeunes U10"]
[Date "2024.11.15"]
[White "Zhou, Guoyu"]
[Black "Veber, Tibor"]
[WhiteElo "1809"]
[BlackElo "1532"]
[Round "1.1"]
[Result "1-0"]
[TimeControl "5400+30"]

1. d4 Nf6 2. c4 c5 3. d5 b5 4. cxb5 a6 5. bxa6 Bxa6 6. Nc3 d6 7. e4 Bxf1 8. Kxf1 g6 9. Nf3 Bg7 10. g3 Nbd7 11. Kg2 O-O 12. a4 Qc7 13. Qc2 Rfb8 14. Bd2 Nb6 15. b3 Nbd7 16. Nb5 Qd8 17. Bc3 Ne8 18. Nd2 Nc7 19. Na3 Na6 20. Bxg7 Kxg7 21. Qc3+ Kg8 22. Ndc4 Nb4 23. Nb5 Nb6 24. Rhe1 Nd7 25. Rad1 Nb6 26. f4 Nc8 27. e5 Rb7 28. Re2 Rab8 29. Qf3 Kg7 30. g4 Na7 31. exd6 Nxb5 32. dxe7 Rxe7 33. Rxe7 Qxe7 34. axb5 Rxb5 35. d6 Qd8 36. d7 Nc2 37. Qe4 Nd4 38. Qe5+ Kf8 39. Rxd4 Rxb3 40. Re4
1-0

[Variant "Standard"]
[Site "Europe Echecs"]

[Event "Championnat du monde jeunes U10"]
[Date "2024.11.15"]
[White "Enkhbileg, Gantumur"]
[Black "Ramesan, Raunak Amit"]
[WhiteElo "1529"]
[BlackElo "1802"]
[Round "1.2"]
[Result "0-1"]
[TimeControl "5400+30"]

1. e4 e5 2. Nf3 Nc6 3. Bc4 Bc5 4. O-O Nf6 5. d3 d6 6. h3 a6 7. c3 O-O 8. Bb3 Ba7 9. Nbd2 Ne7 10. Re1 Ng6 11. Nf1 Re8 12. Ng3 c6 13. Ng5 d5 14. Be3 Bb6 15. Bxb6 h6 0-1

[Variant "Standard"]
[Site "Europe Echecs"]

[Event "Championnat du monde jeunes U10"]
[Date "2024.11.15"]
[White "Kovacs, Balazs"]
[Black "Burba, Mikita"]
[WhiteElo "1800"]
[BlackElo "1528"]
[Round "1.3"]
[Result "0-1"]
[TimeControl "5400+30"]

1. e4 c5 2. Nf3 Nc6 3. d4 cxd4 4. Nxd4 g6 5. c4 Bg7 6. Be3 Nf6 7. Nc3 d6 8. Be2 O-O 9. O-O a5 10. f3 Bd7 11. b3 Nxd4 12. Bxd4 Bc6 13. Rc1 Nd7 14. Be3 Be5 15. Kh1 Nc5 16. Qe1 e6 17. Qf2 Qe7 18. Bd4 f5 19. Qe3 Bxd4 20. Qxd4 e5 21. Qe3 f4 22. Qf2 Ne6 23. Bd3 Kh8 24. a3 Nd4 25. Rb1 g5 26. Ne2 Ne6 27. b4 axb4 28. axb4 h5 29. b5 Bd7 30. Nc3 Nd4 31. Ne2 Ne6 32. Nc3 Nd4 33. Ne2 Ne6 34. Nc3 g4 35. Nd5 Qg5 36. fxg4 hxg4 37. Qe1 g3 38. b6 Qh4 39. h3 Ng5 40. Rb2 Bxh3 41. gxh3 Qxh3+ 42. Kg1 f3 43. Rff2 g2 44. Rxg2 fxg2 0-1

[Variant "Standard"]
[Site "Europe Echecs"]

[Event "Championnat du monde jeunes U10"]
[Date "2024.11.15"]
[White "Thorulsley, Kairaav"]
[Black "Guntaka, Aayansh"]
[WhiteElo "1520"]
[BlackElo "1798"]
[Round "1.4"]
[Result "0-1"]
[TimeControl "5400+30"]

1. d4 d5 2. Nc3 Nf6 3. Bf4 e6 4. e3 Bb4 5. Bd3 c5 6. dxc5 Bxc3+ 7. bxc3 Qa5 8. Qd2 Qxc5 9. Nf3 Nc6 10. O-O O-O 11. Rfb1 Re8 12. Rb5 Qe7 13. c4 e5 14. cxd5 exf4 15. dxc6 fxe3 16. fxe3 bxc6 17. Re5 Qf8 18. Rxe8 Qxe8 19. e4 Bg4 20. Qf4 Bxf3 21. Qxf3 Qe5 22. Re1 Re8 23. h3 h6 24. Qe3 Re7 25. Qe2 Nh5 26. Qf2 Nf4 27. Bc4 Qg5 28. Kh1 Qe5 29. Bb3 Rd7 30. Rf1 g5 31. Qf3 Qg7 32. g3 Ng6 33. Qf2 Nf4 34. Qf3 0-1

[Variant "Standard"]
[Site "Europe Echecs"]

[Event "Championnat du monde jeunes U10"]
[Date "2024.11.15"]
[White "Cao, Frank Zhongtian"]
[Black "Youn, Laeho"]
[WhiteElo "1793"]
[BlackElo "1520"]
[Round "1.5"]
[Result "1-0"]
[TimeControl "5400+30"]

1. e4 e6 2. d4 d5 3. Nc3 Nf6 4. e5 Nfd7 5. f4 Bb4 6. a3 Ba5 7. b4 Bb6 8. Nf3 Nc6 9. Bb5 Ne7 10. Na4 c6 11.
Bd3 Nf5 12. c3 Nf8 13. Bxf5 exf5 14.
Be3 Ng6 15. Nb2 a5 16. Nd3 Nh4 17. O-O O-O 18. Bf2 Ng6 19. Be3 f6 20. exf6 Qxf6 21. Nde5 Re8 22. Kh1 Bc7 23. Bd2 Nh4 24. Nxh4 Qxh4 25. Be1 Qh6 26. Bg3 Bxe5 27. fxe5 Rf8 28. Qf3 Be6 29. Bf4 Qg6 30. Qe3 Qe8 31. Qg3 Bf7 32. Bg5 Bg6 33. Bf4 Qe6 34. Rfe1 a4 35. Rf1 b5 36. Rae1 h5 37. Qg5 Kh7 38. Re3 Rh8 39. Rg3 Ra7 40. Re1 Be8 41. h4 Kg8 42. Bd2 Rh6 43. Qxh6 Qxh6 44. Bxh6 Kh7 45. Bg5 g6 46. e6 Rg7 47. e7 Rf7 48. Re6 Rg7 49.
Rge3 Kg8 50. Rf6 Rf7 51. Rxf7 Kxf7 52.
Kh2 Kg7 53. Kg3 Kf7 54. Kf4 Kg7 55. Ke5
1-0

[Variant "Standard"]
[Site "Europe Echecs"]